 Dungeon Crawl Stone Soup version 0.20-a0-939-g04f5055 (webtiles) character file.

107 nikopol the Skirmisher (level 4, -1/61 HPs)
             Began as a Minotaur Berserker on Mar 30, 2017.
             Was a Believer of Trog.
             Slain by a gnoll
             ... wielding a +0 spear
              (4 damage)
             ... on level 3 of the Dungeon.
             The game lasted 00:03:01 (1674 turns).

nikopol the Skirmisher (Minotaur Berserker)         Turns: 1674, Time: 00:03:02

Health: -1/61      AC:  5    Str: 27    XL:     4   Next: 56%
Magic:  3/3        EV: 12    Int:  4    God:    Trog [**....]
Gold:   99         SH:  0    Dex: 10    Spells: 3/3 levels left

rFire    . . .     SeeInvis .   a - +0 hand axe
rCold    . . .     Gourm    .   (no shield)
rNeg     . . .     Faith    .   o - +0 ring mail
rPois    .         Spirit   .   (helmet restricted)
rElec    .         Reflect  .   (no cloak)
rCorr    .         Harm     .   (no gloves)
MR       .....                  (no boots)
Stlth    ..........             (no amulet)
Regen    0.2/turn               (no ring)
MPRegen  0.1/turn               (no ring)

@: berserking, very quick
A: retaliatory headbutt, horns 2
a: Berserk, Trog's Hand, Burn Spellbooks, Renounce Religion


You were on level 3 of the Dungeon.
You worshipped Trog.
Trog was pleased with you.
You were very hungry.

You visited 1 branch of the dungeon, and saw 3 of its levels.

You collected 99 gold pieces.

Inventory:

Hand Weapons
 a - a +0 hand axe (weapon)
Missiles
 s - 21 arrows (quivered)
Armour
 b - a +0 animal skin
 d - a +0 leather armour
 o - a +0 ring mail (worn)
Jewellery
 t - a +2 ring of strength {unknown}
Scrolls
 e - a scroll of fear {unknown}
 f - a scroll of remove curse {unknown}
 g - a scroll of identify {unknown}
 i - a scroll of enchant armour {unknown}
 j - a scroll of noise {unknown}
 k - a scroll of amnesia {unknown}
 q - a scroll of teleportation {unknown}
 v - 2 scrolls of magic mapping {unknown}
Potions
 h - 2 potions of curing {unknown}
 l - a potion of resistance {unknown}
 n - 2 potions of agility {unknown}
 p - a potion of experience {unknown}
Comestibles
 c - 3 bread rations
 m - 2 meat rations
 r - 4 fruits
 u - 3 chunks of flesh


   Skills:
 + Level 4.8 Fighting
 + Level 4.1 Axes
 + Level 3.4 Armour
 + Level 3.4 Dodging


You had 3 spell levels left.
You didn't know any spells.

Dungeon Overview and Level Annotations

Branches:
Dungeon (3/15)

Altars:
Nemelex Xobeh


Innate Abilities, Weirdness & Mutations

You reflexively headbutt those who attack you in melee.
You have a pair of horns on your head.


Message History

You are too injured to fight recklessly!
You are too injured to fight recklessly!
You are too injured to fight recklessly!
You are too injured to fight recklessly!
You are too injured to fight recklessly!
You are too injured to fight recklessly!
You are too injured to fight recklessly!
You are too injured to fight recklessly!
You are too injured to fight recklessly!
You are too injured to fight recklessly!
You are too injured to fight recklessly!
You are too injured to fight recklessly!
A red film seems to cover your vision as you go berserk!
You feel yourself moving faster!
You feel mighty!
You are feeling very hungry.
The gnoll completely misses you. You furiously retaliate!
You headbutt the gnoll. The gnoll closely misses you. You furiously retaliate!
You headbutt the gnoll.
The gnoll hits you from afar with a spear.
You die...

#...................#
#.......######.......
#.......######...#..#
#.#.........###.....#
#.#..#..###.###......
#.#....................
#.........##..###..#.##
#...#..#..# .# #..#. .
#.....@...# # #. #. .
#....gggg.# .
#.............
..........#<...
###....%.......
........##....
#####....# .... #....#
..


You could see 4 gnolls.

Vanquished Creatures
  A hound skeleton (D:3)
  3 adders
  A worm (D:3)
  5 dart slugs
  A leopard gecko (D:1)
  2 giant cockroaches
  5 goblins
  6 hobgoblins
  4 jackals (D:3)
  A ball python (D:1)
  11 bats
  3 frilled lizards
  5 kobolds
  5 rats
53 creatures vanquished.

Notes
Turn   | Place    | Note
-------+----------+-------------------------------------------
     0 | D:1      | nikopol the Minotaur Berserker began the quest for the Orb.
     0 | D:1      | Reached XP level 1. HP: 19/19 MP: 0/0
   224 | D:1      | Reached XP level 2. HP: 24/27 MP: 1/1
   476 | D:1      | Found a sparkling altar of Nemelex Xobeh.
   536 | D:1      | Reached XP level 3. HP: 27/33 MP: 2/2
   842 | D:2      | Reached ** piety under Trog
  1558 | D:3      | Reached XP level 4. HP: 41/41 MP: 3/3
  1673 | D:3      | HP: 2/41 [gnoll/spear (5)]
  1674 | D:3      | Slain by a gnoll

Vault maps used:
D:1:      lemuel_arrival_cross, nemelex_altar_shiori
D:2:      first_bread
D:3:      cheibrodos_thug_alley, nicolae_overflow_hidden_temple

Skill      XL: |  1  2  3  4 |
---------------+-------------+-----
Fighting       | 4 |  4.8
Armour         | 3 |  3.4
Dodging        | 3 |  3.4
Axes           | 4 |  4.1

Action                   |  1- 3 |  4- 6 || total
-------------------------+-------+-------++-------
Melee: Hand axe          |    66 |    30 ||    96
       Headbutt          |     9 |     6 ||    15
Invok: Berserk           |     1 |     1 ||     2
  Eat: Chunk             |     2 |     1 ||     3
Armor: Leather armour    |    13 |       ||    13
       Ring mail         |     8 |     7 ||    15
Dodge: Dodged            |    62 |    30 ||    92
